cohdb
Replays
Latest Replays
All Replays
Popular Replays
Top Player Replays
Match Explorer
How It Works
Community
CoH3 Stats
Reddit
Sign in to upload your games and track your stats! →
Sign in with Steam
for ToxicGrenadier
Match 19139752
Overview
Messages
Build Orders
End
Construct Barracks
Riflemen Squad
Riflemen Squad
Riflemen Squad
Infantry Support Center
Riflemen Squad
Construct Motor Pool
Selects Armored Battlegroup
Selects Veteran Crews
Selects Fast Deploy
Selects Field Repairs
M8 Greyhound Armored Car
Construct Medical Station
Engineer Squad
Selects War Machine
M24 Chaffee Light Tank
M1918 Browning Automatic Rifles
M24 Chaffee Light Tank
Selects Seek and Destroy
Field Repairs
M24 Chaffee Light Tank
Seek and Destroy
M24 Chaffee Light Tank
Seek and Destroy
Selects M4A3E8 Sherman Combat Group
M24 Chaffee Light Tank
M8 Greyhound Armored Car
Seek and Destroy
M24 Chaffee Light Tank
M24 Chaffee Light Tank
Seek and Destroy
M24 Chaffee Light Tank
M24 Chaffee Light Tank
Seek and Destroy
M24 Chaffee Light Tank
M24 Chaffee Light Tank
Seek and Destroy
AI Takeover
DexN
elpern
0
0
Comments
sign in to comment!
No comments posted yet!